 Dungeon Crawl Stone Soup version 0.20-a0-850-ge5a7832 (webtiles) character file.

360 qpzil the Cleaver (level 6, 0/76 HPs)
             Began as a Hill Orc Berserker on Mar 10, 2017.
             Was a Priest of Trog.
             Slain by a centaur (1 damage)
             ... on level 4 of the Dungeon.
             The game lasted 00:10:00 (3540 turns).

qpzil the Cleaver (Hill Orc Berserker)              Turns: 3540, Time: 00:10:01

Health: 0/76       AC:  5    Str: 26    XL:     6   Next: 65%
Magic:  6/6        EV: 11    Int:  7    God:    Trog [***...]
Gold:   252        SH:  0    Dex: 11    Spells: 5/5 levels left

rFire    . . .     SeeInvis .   a - +0 hand axe
rCold    . . .     Gourm    .   g - +0 ring mail
rNeg     . . .     Faith    .   (no shield)
rPois    .         Spirit   .   (no helmet)
rElec    .         Reflect  .   (no cloak)
rCorr    .         Harm     .   (no gloves)
MR       .....                  (no boots)
Stlth    ..........             (no amulet)
Regen    0.3/turn               (no ring)
MPRegen  0.1/turn               (no ring)

@: berserking, very quick
A: no striking features
a: Berserk, Trog's Hand, Burn Spellbooks, Renounce Religion


You were on level 4 of the Dungeon.
You worshipped Trog.
Trog was most pleased with you.
You were not hungry.

You visited 1 branch of the dungeon, and saw 4 of its levels.

You collected 252 gold pieces.

Inventory:

Hand Weapons
 a - a +0 hand axe (weapon)
 y - a +0 blowgun
Missiles
 m - 8 curare-tipped needles
 s - 6 tomahawks (quivered)
 w - 31 poisoned needles
Armour
 b - a +0 animal skin
 g - a +0 ring mail (worn)
Jewellery
 j - a cursed ring of teleportation {unknown}
 x - a cursed amulet of inaccuracy {unknown}
 A - a +6 ring of intelligence {unknown}
 B - a +6 ring of dexterity {unknown}
Scrolls
 e - 3 scrolls of remove curse {unknown}
 f - a scroll of amnesia {unknown}
 k - a scroll of enchant weapon {unknown}
 l - a scroll of blinking {unknown}
 n - 7 scrolls of identify {unknown}
 q - a scroll of random uselessness {unknown}
 r - 4 scrolls of teleportation {unknown}
 u - a scroll of recharging {unknown}
 v - a scroll of enchant armour {unknown}
 C - a scroll of fog {unknown}
Potions
 d - a potion of flight {unknown}
 h - 2 potions of ambrosia {unknown}
 i - a potion of mutation {unknown}
 o - a potion of curing
 t - a potion of resistance {unknown}
 z - a potion of lignification {unknown}
Comestibles
 c - a bread ration
 p - 2 meat rations


   Skills:
 - Level 3.6 Fighting
 + Level 9.5 Axes
 - Level 2.1 Armour
 - Level 1.5 Dodging


You had 5 spell levels left.
You didn't know any spells.

Dungeon Overview and Level Annotations

Branches:
Dungeon (4/15)
 Temple: D:4-7

Altars:
Elyvilon
Sif Muna
Uskayaw


Message History

You see here 2 arrows.
The centaur shoots an arrow.
The arrow hits you.
* * * LOW HITPOINT WARNING * * *
You see here an arrow.
It was a potion of curing.
You feel better.
The centaur shoots an arrow.
The arrow hits you.
* * * LOW HITPOINT WARNING * * *
You closely miss the centaur.
The centaur unwields an uncursed shortbow.
The centaur closely misses you.
You hit the centaur but do no damage. The centaur hits you!
* * * LOW HITPOINT WARNING * * *
You hit the centaur but do no damage.
The centaur hits you but does no damage.
A red film seems to cover your vision as you go berserk!
You feel yourself moving faster!
You feel mighty!
You feel a lot more hungry. The centaur hits you!
* * * LOW HITPOINT WARNING * * *
The centaur hits you.
You die...

#.......#########gg...†........
#.......##.....###W.###########
#.......##.....# #.>#
#..............####.######
#..............##..((....#
#######.......###..........
#..(......".........#
#.....((..<.........#
######.W@.......###..
#...c.>..... . #..........##
#..........# #..........
#.......... #..........
#..........


You could see a phantom and a centaur.

Vanquished Creatures
  A scorpion (D:4)
  A hound (D:4)
  An orc priest (D:3)
  An orc wizard (D:3)
  2 worker ants (D:4)
  A gnoll (D:4)
  7 adders
  An ooze (D:3)
  An adder skeleton (D:4)
  3 worms
  3 dart slugs
  A leopard gecko (D:4)
  7 orcs (D:3)
  4 giant cockroaches
  3 hobgoblins
  8 jackals
  12 kobolds
  2 quokkas (D:2)
  A ball python (D:3)
  9 bats
  4 frilled lizards
  6 goblins
  A jackal skeleton (D:4)
  9 rats
89 creatures vanquished.

Vanquished Creatures (others)
  A hobgoblin (D:2)
1 creature vanquished.

Grand Total: 90 creatures vanquished

Notes
Turn   | Place    | Note
-------+----------+-------------------------------------------
     0 | D:1      | qpzil the Hill Orc Berserker began the quest for the Orb.
     0 | D:1      | Reached XP level 1. HP: 19/19 MP: 1/1
   263 | D:1      | Reached XP level 2. HP: 2/26 MP: 2/2
   591 | D:1      | Reached skill level 5 in Axes
   859 | D:2      | Reached XP level 3. HP: 21/31 MP: 3/3
   913 | D:2      | Found a white marble altar of Elyvilon.
  1042 | D:2      | Reached ** piety under Trog
  1045 | D:2      | Reached skill level 6 in Axes
  1326 | D:3      | Reached XP level 4. HP: 39/39 MP: 4/4
  1702 | D:3      | Reached skill level 7 in Axes
  1709 | D:3      | Found a deep blue altar of Sif Muna.
  1734 | D:3      | Found a hide-covered altar of Uskayaw.
  1822 | D:3      | Reached XP level 5. HP: 45/45 MP: 5/5
  2034 | D:3      | Reached skill level 8 in Axes
  2550 | D:4      | Reached *** piety under Trog
  2550 | D:4      | Reached XP level 6. HP: 40/51 MP: 6/6
  2752 | D:4      | Reached skill level 9 in Axes
  3011 | D:4      | Noticed a phantom
  3540 | D:4      | HP: 1/76 [centaur (8)]
  3540 | D:4      | Slain by a centaur

Vault maps used:
D:1:      sevenhm_arrival_forest_fort_small_6
D:2:      elyvilon_altar_4
D:3:      nicolae_overflow_crystal_walls, overflow_temple_1_default
D:4:      minmay_diamond_boxcup, first_bread, uniq_crazy_yiuf_cottage

Skill      XL: |  1  2  3  4  5  6 |
---------------+-------------------+-----
Axes           | 5 6 7 8 9 |  9.5
Fighting       | |  3.6
Armour         | |  2.1
Dodging        | |  1.5

Action                   |  1- 3 |  4- 6 || total
-------------------------+-------+-------++-------
Melee: Hand axe          |   104 |   213 ||   317
Invok: Berserk           |       |     4 ||     4
  Use: Potion            |       |     1 ||     1
  Eat: Chunk             |     1 |     5 ||     6
       Royal jelly       |       |     1 ||     1
       Bread ration      |       |     1 ||     1
Armor: Ring mail         |    53 |    97 ||   150
Dodge: Dodged            |    56 |   146 ||   202
